 Dungeon Crawl Stone Soup version 0.18.1-50-g88ac8fd (webtiles) character file.

278 Korbac the Shield-Bearer (level 6, 0/48 HPs)
             Began as a Human Fighter on Oct 16, 2016.
             Was an Initiate of Nemelex Xobeh.
             Slain by a black bear (9 damage)
             ... on level 2 of the Dungeon.
             The game lasted 00:16:11 (4289 turns).

Korbac the Shield-Bearer (Human Fighter)            Turns: 4289, Time: 00:16:13

Health: 0/48       AC: 11    Str: 18    XL:     6   Next: 51%
Magic:  6/6        EV:  2    Int: 13    God:    Nemelex Xobeh [......]
Gold:   140        SH: 10    Dex: 13    Spells: 0 memorised, 5 levels left

rFire  . . .     SeeInvis .     a - +0 long sword
rCold  . . .     Gourm    .     j - +0 plate armour
rNeg   . . .     Faith    .     c - +1 shield
rPois  .         Spirit   .     (no helmet)
rElec  .         Dismiss  .     (no cloak)
rCorr  .         Reflect  .     (no gloves)
SustAt .         Harm     .     (no boots)
MR     .....     Rnd*Rage +     (no amulet)
Stlth  ..........               (no ring)
                                (no ring)

@: brilliant, heavily drained, not resistant to hostile enchantments, extremely
unstealthy
A: berserk 1, blink, MP-powered wands
a: Blink, Renounce Religion


You were on level 2 of the Dungeon.
You worshipped Nemelex Xobeh.
Nemelex Xobeh was noncommittal.
You were not hungry.

You visited 1 branch of the dungeon, and saw 4 of its levels.

You collected 140 gold pieces.

Inventory:

Hand Weapons
 a - a +0 long sword (weapon)
 f - a cursed -3 dagger
Missiles
 e - 8 tomahawks (quivered)
Armour
 c - a +1 shield (worn)
 j - a +0 plate armour (worn)
Jewellery
 p - an uncursed amulet of harm
Scrolls
 n - a scroll of remove curse
 o - 2 scrolls of identify {unknown}
 q - a scroll of amnesia {unknown}
 r - a scroll of noise {unknown}
Potions
 d - a potion of might
 h - a potion of mutation
 l - a potion of brilliance
 m - a potion of flight
 t - 3 potions of curing {unknown}
Comestibles
 g - 2 fruits
 i - a slice of pizza
 k - a bread ration
 u - a beef jerky


   Skills:
 * Level 4.1(2.6) Fighting
 * Level 3.5(2.0) Long Blades
 * Level 4.2(2.6) Armour
 + Level 0.6(0.0) Dodging
 * Level 4.2(2.7) Shields


You had 5 spell levels left.
You didn't know any spells.

Dungeon Overview and Level Annotations

Branches:
Dungeon (4/15)
 Temple: D:4-7

Altars:
Ashenzari
Dithmenos
Gozag
Nemelex Xobeh
Sif Muna


Innate Abilities, Weirdness & Mutations

You tend to lose your temper in combat.
You can translocate small distances at will.
You expend magic power (3 MP) to strengthen your wands.


Message History

You block the black bear's attack.
The black bear claws you but does no damage.
The black bear completely misses you.
Your plate armour prevents you from hitting the black bear.
The black bear is severely wounded.
You block the black bear's attack. x2; The black bear claws you.
* * * LOW HITPOINT WARNING * * *
Unknown command.
You slash the black bear!
The black bear is almost dead.
The black bear bites you but does no damage.
The black bear claws you but does no damage.
You block the black bear's attack.
The black bear goes berserk!
You hit the black bear but do no damage.
The black bear is almost dead.
You block the black bear's attack.
The black bear claws you but does no damage.
You block the black bear's attack. The black bear bites you!
You die...
Your body disappears without a glow.

.....########.##..##.#...........
..............##..##.#..#########
.....########.##..##.#..#
.....'............##.#..#
.....########..##.##.#..#
)....'......#..##.##.#..#
...(.######.#...#.##.#..#########
....(....##.#.#h#.##.#...........
##...(...##.#.#.@.##.#.#########.
#....(.....#........#.# #.#.
#...#......#..#..####.#######.#.
#...#......#..#..## #.........#.
#...#.####.#......# #########.#.
#...#.# #^##.....## #.#. #...#.#
#.##......# ######.#. #...#.#
#.######..#####....#.#. #...#.#
#.# #.>.............


You could see a black bear (berserk).

Vanquished Creatures
  An ice beast (D:4)
  A hound (D:3)
  4 gnolls
  4 adders
  An ooze (D:3)
  A worm (D:2)
  2 giant geckos
  6 orcs
  A ball python (D:3)
  4 bats
  3 giant cockroaches
  8 goblins
  6 hobgoblins
  10 jackals
  6 kobolds
  2 quokkas (D:3)
  4 giant newts
  8 rats
72 creatures vanquished.

Notes
Turn   | Place    | Note
--------------------------------------------------------------
     0 | D:1      | Korbac the Human Fighter began the quest for the Orb.
     0 | D:1      | Reached XP level 1. HP: 18/18 MP: 1/1
   330 | D:1      | Reached XP level 2. HP: 12/24 MP: 2/2
   623 | D:1      | Reached XP level 3. HP: 29/29 MP: 3/3
  1513 | D:1      | Gained mutation: You expend magic power (3 MP) to strengthen your wands. [potion of mutation]
  1513 | D:1      | Gained mutation: You tend to lose your temper in combat. [potion of mutation]
  1513 | D:1      | Gained mutation: You can translocate small distances at will. [potion of mutation]
  1743 | D:2      | Reached XP level 4. HP: 35/35 MP: 4/4
  2557 | D:3      | Reached XP level 5. HP: 39/42 MP: 5/5
  2994 | D:3      | Found a sparkling altar of Nemelex Xobeh.
  2997 | D:3      | Found a deep blue altar of Sif Muna.
  2997 | D:3      | Found an opulent altar of Gozag.
  3000 | D:3      | Found a shadowy altar of Dithmenos.
  3026 | D:3      | Became a worshipper of Nemelex Xobeh the Trickster
  3400 | D:3      | Received a gift from Nemelex Xobeh
  3674 | D:3      | Found a shattered altar of Ashenzari.
  3716 | D:4      | Noticed an ice beast
  3732 | D:4      | Killed an ice beast
  3732 | D:4      | Reached XP level 6. HP: 48/48 MP: 6/6
  4183 | D:3      | Noticed a black bear
  4289 | D:2      | Slain by a black bear

Skill      XL: |  1  2  3  4  5 |
---------------+----------------+-----
Long Blades    | 3 |  3.5
Armour         | 4 |  4.2
Fighting       | 4 |  4.1
Shields        | 4 |  4.2
Dodging        | |  0.6

Action                   |  1- 3 |  4- 6 || total
-------------------------+-------+-------++-------
Melee: Long sword        |   102 |   220 ||   322
Evoke: Deck              |       |     6 ||     6
  Use: Scroll            |     1 |     2 ||     3
       Potion            |     1 |     6 ||     7
  Eat: Bread ration      |     1 |       ||     1
       Fruit             |       |    11 ||    11
Armor: Scale mail        |    18 |       ||    18
       Plate armour      |    45 |   158 ||   203
Dodge: Dodged            |    27 |    29 ||    56
Block: Shield            |    52 |   159 ||   211
